 Dungeon Crawl Stone Soup version 0.32-a0-649-gd0e5102 (webtiles) character file.

Game seed: 2572347976764423311

136 Meow the Conjurer (level 5, 24/41 (42) HPs)
             Began as a Naga Conjurer on Mar 8, 2024.
             Quit the game on level 4 of the Dungeon.
             The game lasted 00:09:21 (3535 turns).

Meow the Conjurer (Naga Conjurer)                   Turns: 3535, Time: 00:09:21

HP:   24/41 (42)    AC:  3    Str:  9    XL:     5   Next: 19%
MP:   4/10          EV:  9    Int: 21    God:
Gold: 323           SH:  0    Dex:  9    Spells: 4/11 levels left

rFire   . . .        a - +0 dagger (elec)
rCold   . . .        (no shield)
rNeg    . . .        g - +0 robe
rPois   +            o - +0 helmet
rElec   .            (no cloak)
rCorr   .            (no gloves)
SInv    +            (no barding)
Will    .....        (no amulet)
Stlth   ++           (no ring)
HPRegen 0.26/turn    (no ring)
MPRegen 0.12/turn

%: no passive effects
@: lightly drained, very slow
A: AC +1, large, see invisible, deformed body, poison resistance, slowness 2,
spit poison 1, naga tail 1
a: Spit Poison


You were on level 4 of the Dungeon.
You visited 1 branch of the dungeon, and saw 4 of its levels.

You collected 323 gold pieces.

Inventory:

Hand Weapons
 a - a +0 dagger of electrocution (weapon)
 m - a +0 short sword of freezing
 v - a +0 dagger of draining
 w - a +1 dagger of speed
 x - a +0 shortbow
Missiles
 h - 57 stones
Armour
 g - a +0 robe (worn)
 o - a +0 helmet (worn)
Scrolls
 i - a scroll of revelation
 j - a scroll of fog
 k - 2 scrolls of enchant armour {unknown}
 q - a scroll of immolation {unknown}
 s - a scroll of brand weapon {unknown}
 y - a scroll of blinking {unknown}
Potions
 b - a potion of magic
 c - a potion of brilliance {unknown}
 d - a potion of might {unknown}
 e - a potion of ambrosia {unknown}
 l - a potion of lignification {unknown}
 n - a potion of curing {unknown}
 p - a potion of heal wounds {unknown}
 r - 2 potions of enlightenment
 t - 2 potions of invisibility
 u - a potion of attraction {unknown}


   Skills:
 - Level 1.5 Dodging
 - Level 3.0 Stealth
 + Level 3.6 Spellcasting
 + Level 5.2 Conjurations


You had 4 spell levels left.
You knew the following spells:

 Your Spells              Type           Power      Damage    Failure   Level
a - Magic Dart            Conj           100%       1d8       1%          1
b - Searing Ray           Conj           52%        2d6       2%          2
F - Fulminant Prism       Conj/Alch      7%         3d7       38%         4

Your spell library contained the following spells:

 Spells                   Type           Power      Damage    Failure   Level
 Iskenderun's Mystic Bla  Conj/Tloc      14%        2d5       38%         4


Dungeon Overview and Level Annotations

Branches:
Dungeon (4/15)
 Temple: D:4-7

Altars:
Ru

Shops:
D:4 =

Annotations:
D:4 Pikel


Innate Abilities, Weirdness & Mutations

Your serpentine skin is tough. (AC +1)
You have supernaturally acute eyesight. (SInv)
Armour fits poorly on your strangely shaped body.
Your system is resistant to poisons. (rPois)
You cover ground very slowly.
You can spit poison.
You have a snake-like lower body.


Message History

Press: ? - help, Shift-Dir - straight line, f/p - Pikel
Aim: Pikel, wielding a +0 whip of flaming and wearing a +0 robe (heavily wounded, unable to see you, 74% to hit)
The searing ray hits Pikel.
Pikel is heavily wounded.
The searing ray hits the lemure!
The lemure is heavily wounded. (Press . to maintain the ray.) Pikel hits you with a +0 whip of flaming!
Pikel burns you.
The searing ray misses Pikel.
The searing ray misses the lemure.
The searing ray hits the lemure.
The lemure is lightly wounded.
Pikel hits you with a +0 whip of flaming!
Pikel burns you.
The searing ray hits Pikel but does no damage.
Pikel is heavily wounded.
The searing ray misses the lemure.
The searing ray hits Pikel.
Pikel is heavily wounded.
Pikel shouts!
The searing ray hits the lemure.
The lemure is heavily wounded.
The searing ray hits the lemure.
The lemure is moderately wounded.
You finish channelling your searing ray.
Pikel completely misses you.
Unknown command.
Unknown command.
As you read the scroll of teleportation, it crumbles to dust.
You feel strangely unstable.
The lemure shouts!
Unknown command.
Your surroundings suddenly seem different.
Found a robe.
Found Vafemefi's Jewellery Boutique.
You flicker for a moment.
You flicker back into view.
Found an amethyst potion.
Found a stone staircase leading down.
There is a stone staircase leading up here.
Are you sure you want to abandon this character and quit the game? (Confirm with "yes".)

........###.##...[#
........###.##.##.#
^.................# ##.
##.......###+#.####!.. .
##.......#........#.##.#
.......................
.##########....##.#.##..
.# ..... #............>
.#.###### #.+#.#@.#....
.# ... #.#..#.####..#.
.# .##.#.#..#.......# .#
#.∩#.#.#..##.######. .#
#### #............ .#
#.......##### #
#..####.# #..# .#
###########.#####.#


There were no monsters in sight!

Vanquished Creatures
  A lemure (D:4)
  Robin (D:4)
  3 adders
  2 ribbon worms (D:2)
  3 dart slugs
  An orc (D:3)
  4 endoplasms
  6 giant cockroaches
  11 hobgoblins
  5 quokkas
  7 ball pythons
  5 bats
  4 frilled lizards
  17 goblins
  8 kobolds
  3 rats
81 creatures vanquished.

Notes
Turn   | Place    | Note
-------+----------+-------------------------------------------
     0 | D:1      | Meow the Naga Conjurer began the quest for the Orb.
     0 | D:1      | Reached XP level 1. HP: 15/15 MP: 3/3
   291 | D:1      | Reached XP level 2. HP: 22/22 MP: 0/5
   294 | D:1      | Learned a level 2 spell: Searing Ray
   770 | D:1      | Reached XP level 3. HP: 28/28 MP: 6/6
  1064 | D:2      | Found a faded altar of an unknown god.
  1746 | D:2      | Reached XP level 4. HP: 36/36 MP: 8/8
  1757 | D:2      | Learned a level 4 spell: Fulminant Prism
  2138 | D:3      | Found a sacrificial altar of Ru.
  2220 | D:3      | Reached skill level 5 in Conjurations
  3176 | D:4      | Reached XP level 5. HP: 35/42 MP: 5/10
  3179 | D:4      | Noticed Robin
  3196 | D:4      | Killed Robin
  3503 | D:4      | Noticed Pikel
  3503 | D:4      | Noticed a lemure
  3503 | D:4      | Noticed a lemure
  3508 | D:4      | Noticed a lemure
  3510 | D:4      | Noticed a lemure
  3511 | D:4      | Killed a lemure
  3522 | D:4      | Found Vafemefi's Jewellery Boutique.
  3535 | D:4      | Quit the game

Illustrated notes

Levels and vault maps discovered:
D:1:      lemuel_arrival_broad_hall, layout_basic,
          amcnicky_mini_corridor_feature
D:2:      layout_basic, nicolae_ecumenical_pavilion
D:3:      layout_basic, mainiacjoe_overflow_tiny_flanked, minmay_hedge_maze
D:4:      layout_basic, trog_wizard, nicolae_inconvenience_store,
          item_on_display_a, uniq_pikel, uniq_robin

Skill      XL: |  1  2  3  4 |
---------------+-------------+-----
Spellcasting   | 3 |  3.6
Conjurations   | 5 |  5.2
Dodging        | |  1.5
Stealth        | |  3.0

Action                     |  1- 3 |  4- 6 || total
---------------------------+-------+-------++-------
  Melee: Unarmed           |     1 |       ||     1
         Short sword       |       |     2 ||     2
   Fire: Shortbow          |    23 |    27 ||    50
   Cast: Magic Dart        |    34 |     9 ||    43
         Searing Ray       |     5 |    14 ||    19
Ability: Spit Poison       |    27 |    24 ||    51
    Use: Scroll            |       |     6 ||     6
         Potion            |       |     1 ||     1
 Armour: Robe              |     3 |    18 ||    21
  Dodge: Dodged            |     4 |     6 ||    10

Table legend: (Time is in decaauts)
 A = Elapsed time spent in this place.
 B = Non-inter-level travel time spent in this place.
 C = Inter-level travel time spent in this place.
 D = Time resting spent in this place.
 E = Time spent auto-exploring this place.
 F = Levels seen in this place.
 G = Mean time per level.
                   A        B        C        D        E       F      G
               +--------+--------+--------+--------+--------+-----+--------+
         Total |   4559 |   4438 |    121 |    694 |   3191 |   4 | 1139.8 |
       Dungeon |   4559 |   4438 |    121 |    694 |   3191 |   4 | 1139.8 |
               +--------+--------+--------+--------+--------+-----+--------+

Top non-repeatable levels by time:
     D:1: 1324 daAuts
     D:3: 1302 daAuts
     D:2: 1263 daAuts
     D:4: 669 daAuts
